 Dungeon Crawl Stone Soup version 0.23.2-1-ga50397a (webtiles) character file.

Game seed: 13075254685653341845

81 kae the Changer (level 4, -15/32 HPs)
             Began as a Demonspawn Transmuter on Apr 16, 2019.
             Engulfed by a cloud of flame (24 damage)
             ... on level 2 of the Dungeon.
             The game lasted 00:02:09 (2193 turns).

kae the Changer (Demonspawn Transmuter)             Turns: 2193, Time: 00:02:10

Health: -15/32     AC:  6    Str: 11    XL:     4   Next: 20%
Magic:  7/7        EV: 12    Int: 14    God:
Gold:   47         SH:  0    Dex: 14    Spells: 1/7 levels left

rFire    . . .     SeeInvis +   h - +1 whip
rCold    . . .     Gourm    .   (no shield)
rNeg     . . .     Faith    .   n - +0 animal skin
rPois    .         Spirit   .   o - +0 helmet {SInv}
rElec    .         Reflect  .   (no cloak)
rCorr    .         Harm     .   (no gloves)
MR       .....                  (no boots)
Stlth    +.........             (no amulet)
HPRegen  0.10/turn              (no ring)
MPRegen  0.10/turn              (no ring)

@: no status effects
A: yellow scales 2
a: no special abilities


You were on level 2 of the Dungeon.
You were not hungry.

You visited 1 branch of the dungeon, and saw 2 of its levels.

You collected 47 gold pieces.

Inventory:

Hand Weapons
 h - a +1 whip (weapon)
 m - a +2 spear of freezing
Missiles
 a - 35 arrows
Armour
 b - a +1 robe
 n - a +0 animal skin (worn)
 o - a +0 helmet of see invisible (worn)
Jewellery
 j - a +2 ring of slaying {unknown}
Wands
 f - a wand of acid (9)
Scrolls
 c - 2 scrolls of immolation
 e - 2 scrolls of remove curse
 g - 2 scrolls of teleportation
Potions
 i - 3 potions of flight {unknown}
 l - a potion of might
Comestibles
 d - 5 rations
 k - a chunk of flesh


   Skills:
 - Level 1.0 Fighting
 - Level 1.7 Dodging
 - Level 2.6 Unarmed Combat
 - Level 2.0 Spellcasting
 + Level 4.1 Transmutations


You had one spell level left.
You knew the following spells:

 Your Spells              Type           Power        Failure   Level  Hunger
a - Beastly Appendage     Tmut           ##....       4%          1    ##.....
b - Sticks to Snakes      Tmut           ##......     7%          2    ###....
c - Spider Form           Tmut/Pois      #.........   30%         3    ####...

Your spell library contained the following spells:

 Spells                   Type           Power        Failure   Level  Hunger
 Ice Form                 Ice/Tmut       #.......     71%         4    #####..
 Blade Hands              Tmut           ##........   77%         5    ######.


Dungeon Overview and Level Annotations

Branches:
Dungeon (2/15)

Altars:


Innate Abilities, Weirdness & Mutations

You are mostly covered in yellow scales. (AC +3)


Message History

As you read the scroll labeled XAINNIO QIOKHI, it crumbles to dust.
The creatures around you are filled with an inner flame!
It was a scroll of immolation.
Okay, then.
You barely miss the hobgoblin.
The hobgoblin hits you but does no damage.
You hit the hobgoblin.
The hobgoblin is severely wounded.
The hobgoblin barely misses you.
You barely miss the hobgoblin.
The hobgoblin is severely wounded.
The hobgoblin hits you with a +0 club.
You hit the hobgoblin.
The hobgoblin explodes!
The fiery explosion engulfs you!
Ouch! That really hurt!
* * * LOW HITPOINT WARNING * * *
You are engulfed in blazing flames.
Ouch! That really hurt!
You die...

#...........##.#
#............
##.#########....#
#............ ...# #.####
#..#######.## .### #.#
#..# #.## .# #.# #..#
#... .# #.# #..# ####
.####### ##.## ###..#
.......####.%>#####....#
######......#.%ยง@......#
#..>..###...#####.####
#.###.##...## #)# #.#
#.###...# #.#
#.###<###.#.# #.#
###.#.....#.#.# #.#
....#.....#.#.# #.#
..............#####.#
.####.)...##........#


There were no monsters in sight!

Vanquished Creatures
  Robin (D:2)
  An adder (D:2)
  A dart slug (D:2)
  3 giant cockroaches
  14 goblins
  9 hobgoblins
  2 jackals (D:1)
  4 bats
  3 frilled lizards
  A kobold (D:1)
  7 rats
46 creatures vanquished.

Vanquished Creatures (collateral kills)
  An adder (D:2)
1 creature vanquished.

Grand Total: 47 creatures vanquished

Notes
Turn   | Place    | Note
-------+----------+-------------------------------------------
     0 | D:1      | kae the Demonspawn Transmuter began the quest for the Orb.
     0 | D:1      | Reached XP level 1. HP: 15/15 MP: 3/3
    51 | D:1      | Reached skill level 2 in Transmutations
   273 | D:1      | Gained mutation: You are partially covered in yellow
                  | scales. (AC +2) [demonic ancestry]
   273 | D:1      | Reached XP level 2. HP: 17/21 MP: 5/5
   623 | D:1      | Reached skill level 3 in Transmutations
  1182 | D:2      | Learned a level 2 spell: Sticks to Snakes
  1220 | D:2      | Gained mutation: You are mostly covered in yellow scales.
                  | (AC +3) [demonic ancestry]
  1220 | D:2      | Reached XP level 3. HP: 26/26 MP: 6/6
  1428 | D:2      | Learned a level 3 spell: Spider Form
  1611 | D:2      | Noticed Robin
  1629 | D:2      | Killed Robin
  1629 | D:2      | Reached skill level 4 in Transmutations
  1629 | D:2      | Reached XP level 4. HP: 10/32 MP: 1/7
  2193 | D:2      | Engulfed by a cloud of flame

Skill      XL: |  1  2  3 |
---------------+----------+-----
Transmutations | 2 3 4 |  4.1
Fighting       | |  1.0
Dodging        | |  1.7
Unarmed Combat | |  2.6
Spellcasting   | |  2.0

Action                   |  1- 3 |  4- 6 || total
-------------------------+-------+-------++-------
Melee: Unarmed           |    23 |     2 ||    25
       Whip              |   119 |    19 ||   138
       Headbutt          |     3 |       ||     3
       Kick              |     6 |       ||     6
 Cast: Beastly Appendage |    10 |       ||    10
       Spider Form       |     1 |       ||     1
       Sticks to Snakes  |     1 |       ||     1
  Use: Scroll            |     7 |     1 ||     8
  Eat: Chunk             |     3 |     2 ||     5
Armor: Robe              |    39 |       ||    39
       Animal skin       |       |     5 ||     5
Dodge: Dodged            |   111 |     9 ||   120
